[Event "Titled Tuesday Blitz November 14 Late 2023"]
[White "Ghasi, Ameet K"]
[Black "Maghsoodloo, Parham"]
[WhiteFideId "409200"]
[BlackFideId "12539929"]
[WhiteElo "2813"]
[BlackElo "2962"]
[Result "0-1"]
[Round "4"]
[TimeControl "180+1"]
[Date "2023.11.14"]
[WhiteClock "0:00:00"]
[BlackClock "0:00:11"]
[Board "10"]

1. b3 a5 2. a3 c5 3. c4 a4 4. b4 e6 5. Bb2 Nf6 6. bxc5 Bxc5 7. e3 Nc6 8. Nc3 Qa5 9. Nf3 O-O 10. Qc2 d5 11. d4 Be7 12. Bd3 dxc4 13. Bxc4 e5 14. d5 e4 15. Nd2 Ne5 16. Ncxe4 Nxc4 17. Qxc4 Nxd5 18. O-O Be6 19. Qd4 f6 20. Ng5 Bc8 21. Ngf3 Rd8 22. Qh4 Be6 23. Rfd1 Rac8 24. Nd4 Bf7 25. Nf5 Bf8 26. Ne4 Qb6 27. Bd4 Qe6 28. Neg3 Bg6 29. e4 Nc7 30. Qg4 Qf7 31. h4 h5 32. Qf3 Nb5 33. Bb2 Qb3 34. Rxd8 Rxd8 35. Qe2 Qd3 36. Qe1 Nxa3 37. Bxa3 Bxa3 38. Qa5 Bb2 39. Rxa4 Be5 40. Kh2 Kh7 41. Rb4 Bxf5 42. exf5 Rd4 43. Rxd4 Qxd4 44. Qb5 Qxf2 0-1


[Site "https://www.chess.com"]

[Event "Titled Tuesday Blitz November 14 Late 2023"]
[White "Bazeev, German"]
[Black "Khismatullin, Denis"]
[WhiteFideId "24119350"]
[BlackFideId "4142578"]
[WhiteElo "2802"]
[BlackElo "2957"]
[Result "1/2-1/2"]
[Round "4"]
[TimeControl "180+1"]
[Date "2023.11.14"]
[WhiteClock "0:00:10"]
[BlackClock "0:00:38"]
[Board "11"]

1. c4 e6 2. Nf3 Nf6 3. d4 d5 4. g3 Bb4+ 5. Bd2 Be7 6. Qc2 c6 7. Bg2 Nbd7 8. O-O O-O 9. Bg5 b6 10. Nbd2 Bb7 11. Rfd1 h6 12. Bxf6 Nxf6 13. e4 Rc8 14. e5 Nd7 15. cxd5 cxd5 16. Qd3 Qc7 17. Bf1 Qc2 18. Rab1 Qxd3 19. Bxd3 Rc7 20. Rbc1 Rfc8 21. Nb3 Nb8 22. Rxc7 Rxc7 23. Rc1 Rxc1+ 24. Nxc1 Kf8 25. h4 Nc6 26. a3 Na5 27. Nd2 Nc6 28. Ne2 g5 29. hxg5 hxg5 30. f4 f6 31. Kf2 gxf4 32. gxf4 fxe5 33. fxe5 Bh4+ 34. Kg2 Bg5 35. Nf3 Be3 36. Kg3 Ke7 37. Kg4 a6 38. Bc2 Bc8 39. Bg6 Bd7 40. Kg3 Na5 41. Bd3 Nc4 42. Bxc4 dxc4 43. Nh4 Bc6 44. Ng6+ Kf7 45. Ngf4 b5 46. Ng2 Bd2 47. Kf2 Bxg2 48. Kxg2 a5 49. Kf3 b4 50. axb4 axb4 51. Ke4 b3 52. d5 c3 53. dxe6+ Kxe6 54. Nxc3 Bxc3 55. Kd3 Bxb2 56. Kc4 Bxe5 57. Kxb3 1/2-1/2


[Site "https://www.chess.com"]

[Event "Titled Tuesday Blitz November 14 Late 2023"]
[White "Troff, Kayden"]
[Black "Bortnyk, Mykola"]
[WhiteFideId "2047896"]
[BlackFideId "14120836"]
[WhiteElo "2799"]
[BlackElo "2947"]
[Result "1-0"]
[Round "4"]
[TimeControl "180+1"]
[Date "2023.11.14"]
[WhiteClock "0:00:17"]
[BlackClock "0:00:08"]
[Board "12"]

1. d4 d5 2. Nf3 Nf6 3. Bf4 c5 4. e3 cxd4 5. Nxd4 Nc6 6. Nc3 a6 7. Be2 e6 8. O-O Bd6 9. Nxc6 bxc6 10. Bxd6 Qxd6 11. e4 Rb8 12. Re1 Rxb2 13. Bf3 Qb4 14. Qd3 d4 15. Ne2 e5 16. c3 dxc3 17. Qxc3 Qxc3 18. Nxc3 Be6 19. Rec1 Ke7 20. Na4 Rb4 21. Nc5 Bc8 22. Nd3 Rb5 23. Rxc6 Rd8 24. a4 Rb3 25. Nxe5 h6 26. Rac1 Bb7 27. Rc7+ Ke6 28. Nxf7 Rf8 29. Be2 Bxe4 30. Bc4+ Bd5 31. Re1+ Kf5 32. Nd6+ Kg6 33. Bxb3 Bxb3 34. h3 Rd8 35. Nb7 Rd4 36. Nc5 Bxa4 37. Rxg7+ Kxg7 38. Ne6+ Kf7 39. Nxd4 Bd7 40. Ra1 Bc8 41. Rc1 Bd7 42. Rc7 Ke8 43. Ra7 Bc8 44. g4 Nd5 45. Rh7 Bd7 46. Rh8+ Ke7 47. Rh7+ Kd8 48. Rxh6 Nc7 49. g5 a5 50. g6 Ne8 51. Rh8 Ke7 52. Rh7+ Kd6 53. g7 Nxg7 54. Rxg7 a4 55. h4 a3 56. Nc2 Bf5 57. Na1 a2 58. h5 Ke6 59. h6 Kf6 60. Rg8 Kf7 61. Rg3 Bb1 62. Kh2 Kf6 63. Kg1 Kf7 64. Kf1 Kf6 65. Ke1 1-0


[Site "https://www.chess.com"]

[Event "Titled Tuesday Blitz November 14 Late 2023"]
[White "Grischuk, Alexander"]
[Black "Djordjevic, Vuk"]
[WhiteFideId "4126025"]
[BlackFideId "902098"]
[WhiteElo "2939"]
[BlackElo "2760"]
[Result "1-0"]
[Round "4"]
[TimeControl "180+1"]
[Date "2023.11.14"]
[WhiteClock "0:00:08"]
[BlackClock "0:00:00"]
[Board "13"]

1. d4 Nf6 2. c4 e6 3. Bg5 d5 4. e3 c6 5. Nc3 Bb4 6. Qc2 Nbd7 7. Nf3 Qa5 8. Nd2 c5 9. dxc5 dxc4 10. Bxc4 Bxc3 11. bxc3 Qxc5 12. Bh4 b5 13. Be2 Bb7 14. O-O Rc8 15. Rfc1 O-O 16. Qb2 Bc6 17. c4 b4 18. Nb3 Qe5 19. Nd4 a5 20. a3 Qe4 21. Bf3 Qxh4 22. Nxc6 Rc7 23. axb4 axb4 24. g3 Qg5 25. Qxb4 Qc5 26. Rab1 Qxb4 27. Rxb4 Nc5 28. Rb5 Ncd7 29. c5 g6 30. Nb4 Kg7 31. c6 Nb8 32. Ra1 Rfc8 33. Ra8 Nxc6 34. Rxc8 Rxc8 35. Nxc6 Rc7 36. Kg2 Rd7 37. Ne5 Re7 38. Rb7 Rxb7 39. Bxb7 Ne8 40. f4 Nd6 41. Bc6 h6 42. Kf3 h5 43. Ba4 Kf6 44. Bb3 Nf5 45. Nc6 Nd6 46. e4 Kg7 47. e5 Nb5 48. Bc4 Nc7 49. Ke4 Kf8 50. Kd4 Ne8 51. Kc5 Ng7 52. Nd4 Ke7 53. Kc6 Ne8 54. Bd3 Ng7 55. Be4 Ne8 56. Kc5 Ng7 57. Kc4 Ne8 58. Kd3 Ng7 59. Ke3 Ne8 60. Kf3 Kf8 61. Bc6 Ng7 62. Bb5 Ke7 63. Bd3 Kf8 64. Ke2 Ke7 65. Nf3 Ne8 66. Ng5 Nc7 67. Bc4 Kf8 68. Ke3 Ke7 69. Kd4 Ne8 70. Kc5 Ng7 71. Bd3 Ne8 72. Ne4 Ng7 73. Nd6 h4 74. g4 h3 75. Kd4 1-0


[Site "https://www.chess.com"]

[Event "Titled Tuesday Blitz November 14 Late 2023"]
[White "Chigaev, Maksim"]
[Black "Rorrer, Grayson"]
[WhiteFideId "4108116"]
[BlackFideId "30944996"]
[WhiteElo "2927"]
[BlackElo "2725"]
[Result "1-0"]
[Round "4"]
[TimeControl "180+1"]
[Date "2023.11.14"]
[WhiteClock "0:01:15"]
[BlackClock "0:00:00"]
[Board "14"]

1. d4 Nf6 2. c4 e6 3. g3 c5 4. d5 exd5 5. cxd5 d6 6. Bg2 g6 7. Nf3 Bg7 8. Nc3 O-O 9. O-O Re8 10. Bf4 Bf5 11. a4 a6 12. a5 Ng4 13. Qb3 Qc7 14. Qb6 Qxb6 15. axb6 Nd7 16. Bxd6 Bxc3 17. bxc3 Rxe2 18. h3 Ngf6 19. c4 Ne4 20. Bc7 Nc3 21. Rfc1 Na2 22. Re1 Nc3 23. g4 Bd3 24. Ne5 Rxe5 25. Bxe5 Ne2+ 26. Rxe2 Bxe2 27. Bc7 Re8 28. d6 Bxc4 29. Bxb7 Re6 30. Bc8 1-0


[Site "https://www.chess.com"]

[Event "Titled Tuesday Blitz November 14 Late 2023"]
[White "Solon, Nathan"]
[Black "Hong, Andrew"]
[WhiteFideId "2017229"]
[BlackFideId "2099438"]
[WhiteElo "2692"]
[BlackElo "2922"]
[Result "0-1"]
[Round "4"]
[TimeControl "180+1"]
[Date "2023.11.14"]
[WhiteClock "0:00:14"]
[BlackClock "0:01:10"]
[Board "15"]

1. d4 Nf6 2. Bf4 e6 3. e3 Nc6 4. Nf3 Ne7 5. h3 Ng6 6. Bh2 Be7 7. c4 O-O 8. Nc3 d6 9. Bd3 b6 10. O-O Bb7 11. e4 Re8 12. Qe2 Bf8 13. Rad1 e5 14. dxe5 dxe5 15. c5 Qe7 16. cxb6 axb6 17. Bc4 c6 18. Ng5 Nh8 19. Bb3 h6 20. Nf3 Ng6 21. a3 Ba6 22. Bc4 b5 23. Bd3 Nh5 24. g3 Qe6 25. Kg2 Bc8 26. Ng1 Nf6 27. Bb1 Ba6 28. Ba2 Qc8 29. b4 Bb7 30. Qb2 Qc7 31. Nf3 Ra7 32. Rd3 Rea8 33. Rfd1 Rxa3 34. Nxb5 Rxa2 35. Qxa2 cxb5 36. Qe2 Bxe4 37. Re3 Qc6 38. Kg1 Bxb4 39. g4 Bc5 40. Rc3 b4 41. Rcc1 Bxf3 42. Rxc5 Bxe2 43. Rxc6 Bxd1 0-1


[Site "https://www.chess.com"]

[Event "Titled Tuesday Blitz November 14 Late 2023"]
[White "Taboas Rodriguez, Daniel"]
[Black "Yeletsky, Ivan"]
[WhiteFideId "2208466"]
[BlackFideId "24180327"]
[WhiteElo "2596"]
[BlackElo "2915"]
[Result "0-1"]
[Round "4"]
[TimeControl "180+1"]
[Date "2023.11.14"]
[WhiteClock "0:00:00"]
[BlackClock "0:00:08"]
[Board "16"]

1. d4 Nf6 2. Nf3 c5 3. d5 b5 4. c4 d6 5. cxb5 a6 6. b6 Nbd7 7. Nc3 g6 8. e4 Bg7 9. Nd2 O-O 10. a4 Qxb6 11. a5 Qc7 12. Nc4 Rb8 13. Bd3 e5 14. O-O Nh5 15. g3 Ndf6 16. Nb6 Rxb6 17. axb6 Qxb6 18. Qe2 Bg4 19. f3 c4+ 20. Be3 cxd3 21. Bxb6 dxe2 22. Nxe2 Bh3 23. Rfc1 Rb8 24. Rxa6 Bh6 25. Rc3 Bc8 26. Ra1 Rxb6 27. Rxc8+ Kg7 28. Rc2 Nd7 29. Kg2 Nc5 30. Ra7 Nd3 31. Rcc7 Rxb2 32. Rxf7+ Kg8 33. Kf1 Rb1+ 34. Kg2 Rb2 35. Kf1 Bf8 36. Rfb7 Rd2 37. Ra8 Nf6 38. Rbb8 Nd7 39. Rd8 N3c5 40. f4 Kf7 41. fxe5 dxe5 42. Ke1 Rd3 43. Ng1 Ke7 44. Nf3 Bh6 45. Ke2 Re3+ 46. Kf2 Nxe4+ 47. Kg2 Re2+ 48. Kh3 Nef6 0-1


[Site "https://www.chess.com"]

[Event "Titled Tuesday Blitz November 14 Late 2023"]
[White "Ambartsumova, Karina"]
[Black "Andreikin, Dmitry"]
[WhiteFideId "4166299"]
[BlackFideId "4158814"]
[WhiteElo "2622"]
[BlackElo "3125"]
[Result "0-1"]
[Round "4"]
[TimeControl "180+1"]
[Date "2023.11.14"]
[WhiteClock "0:00:01"]
[BlackClock "0:01:24"]
[Board "17"]

1. d4 g6 2. e4 Bg7 3. Nc3 c6 4. h3 Nf6 5. e5 Nd5 6. Nxd5 cxd5 7. f4 d6 8. Nf3 Nc6 9. c3 O-O 10. Bd3 dxe5 11. fxe5 f6 12. exf6 exf6 13. O-O Be6 14. Bf4 Qd7 15. Qd2 Rae8 16. Rae1 Bf5 17. Bxf5 Qxf5 18. Bd6 Rxe1 19. Nxe1 Qe6 20. Bxf8 Bxf8 21. Nf3 Bd6 22. Re1 Qf5 23. Qe2 Bg3 24. Qe6+ Qxe6 25. Rxe6 Kf7 26. Re2 h5 27. Nd2 Bf4 28. Kf2 h4 29. Kf3 g5 30. Nf1 Ne7 31. b3 Nf5 32. a4 a5 33. Re1 b6 34. Ke2 Nd6 35. Nd2 f5 36. Kd3 Ne4 37. Nxe4 dxe4+ 38. Kc4 Ke6 39. Kb5 Bd2 40. Re2 Bxc3 41. Kc4 Bb4 42. d5+ Ke5 43. Kb5 Kxd5 44. Kxb6 Kd4 45. Rc2 e3 46. Rc8 e2 0-1


[Site "https://www.chess.com"]

[Event "Titled Tuesday Blitz November 14 Late 2023"]
[White "Paravyan, David"]
[Black "Guerra Tulcan, Lenin"]
[WhiteFideId "4194985"]
[BlackFideId "3601382"]
[WhiteElo "3023"]
[BlackElo "2606"]
[Result "1-0"]
[Round "4"]
[TimeControl "180+1"]
[Date "2023.11.14"]
[WhiteClock "0:01:30"]
[BlackClock "0:00:16"]
[Board "18"]

1. e4 c5 2. Nf3 e6 3. d4 cxd4 4. Nxd4 Nc6 5. c3 Nf6 6. Nxc6 bxc6 7. e5 Nd5 8. Nd2 Be7 9. Ne4 O-O 10. Bd3 f5 11. exf6 Nxf6 12. Nxf6+ Bxf6 13. O-O e5 14. f4 exf4 15. Bxf4 d5 16. Qc2 g6 17. Rae1 Qb6+ 18. Be3 Qc7 19. Bc5 Bg4 20. Bxf8 Rxf8 21. Bxg6 hxg6 22. Qxg6+ Qg7 23. Rxf6 Rxf6 24. Re8+ Rf8 25. Rxf8+ Kxf8 26. Qxc6 Qe5 27. Qc5+ Kg8 28. Qf2 Qe2 29. h3 Qxf2+ 30. Kxf2 Be6 31. Ke3 Kf7 32. a3 Kf6 33. Kf4 a5 34. b4 axb4 35. axb4 Bd7 36. g4 Bb5 37. h4 Be2 38. h5 Bd1 39. b5 Be2 40. b6 Ba6 41. g5+ Ke6 42. h6 Kf7 43. Ke5 Bb7 44. Kd6 Kg6 45. Kc7 Ba6 46. b7 1-0


[Site "https://www.chess.com"]

[Event "Titled Tuesday Blitz November 14 Late 2023"]
[White "Bujisho, Benjamin"]
[Black "Kamsky, Gata"]
[WhiteFideId "608610"]
[BlackFideId "2000024"]
[WhiteElo "2605"]
[BlackElo "2924"]
[Result "0-1"]
[Round "4"]
[TimeControl "180+1"]
[Date "2023.11.14"]
[WhiteClock "0:00:03"]
[BlackClock "0:00:13"]
[Board "19"]

1. d4 f5 2. Nf3 Nf6 3. Bf4 g6 4. e3 Bg7 5. h3 d6 6. Be2 O-O 7. Bh2 c5 8. O-O Nc6 9. c4 b6 10. Nc3 Bd7 11. a3 Ne4 12. Rc1 h6 13. b4 Kh7 14. bxc5 bxc5 15. Nd5 Rb8 16. dxc5 Nxc5 17. Nd4 e5 18. Nb5 Be8 19. Nbc7 Bf7 20. Rb1 Qd7 21. Qc2 Rfc8 22. Nb5 a6 23. Nbc3 Ne7 24. Rfd1 Nxd5 25. Nxd5 Rb7 26. Rxb7 Qxb7 27. h4 h5 28. Rb1 Qa7 29. Nc3 Rb8 30. Rxb8 Qxb8 31. Qb1 Qxb1+ 32. Nxb1 Bf6 33. g3 Be7 34. Kf1 e4 35. Ke1 Nd7 36. Kd2 Ne5 37. Kc3 a5 38. Nd2 Bf6 39. Kb3 Be8 40. Nb1 Kg7 41. Nc3 Kf7 42. Nd5 Bd8 43. a4 Ke6 44. Nc3 Nd7 45. Nb5 Nc5+ 46. Ka3 Bxb5 47. axb5 d5 48. f4 Bb6 49. Bg1 Nb7 50. Bf2 Nd6 51. Kb3 dxc4+ 52. Bxc4+ Nxc4 53. Kxc4 Kd6 54. Be1 Bxe3 55. Bxa5 Bf2 56. Bb4+ Ke6 57. Bc5 Bxg3 58. b6 Bxf4 0-1


[Site "https://www.chess.com"]

[Event "Titled Tuesday Blitz November 14 Late 2023"]
[White "Kovalenko, Igor"]
[Black "Dragomirescu, Robin-Alexandru"]
[WhiteFideId "14117908"]
[BlackFideId "1213849"]
[WhiteElo "2873"]
[BlackElo "2564"]
[Result "0-1"]
[Round "4"]
[TimeControl "180+1"]
[Date "2023.11.14"]
[WhiteClock "0:02:02"]
[BlackClock "0:00:24"]
[Board "20"]

1. b3 d5 2. Bb2 Bf5 3. e3 e6 4. c4 c6 5. Nc3 h6 6. d4 Nf6 7. Bd3 Bxd3 8. Qxd3 Bb4 9. Ne2 O-O 10. O-O Nbd7 11. Rad1 a5 12. a3 Be7 13. f3 a4 14. b4 Nb6 15. c5 Nc4 16. Bc1 e5 17. e4 b5 18. cxb6 Qxb6 19. Kh1 Rfd8 20. dxe5 Nxe5 21. Qc2 d4 22. Nxa4 Qb5 23. Nb2 Rxa3 24. Qd2 Bxb4 25. Nxd4 Bxd2 26. Nxb5 cxb5 27. Rxd2 Rxd2 28. Bxd2 Rb3 29. Bc1 Nfd7 30. Rd1 Nc5 31. Kg1 Na4 32. Nxa4 bxa4 33. Bf4 Nd3 34. Bd6 a3 35. Ra1 a2 0-1


[Site "https://www.chess.com"]

[Event "Titled Tuesday Blitz November 14 Late 2023"]
[White "Henriquez Villagra, Cristobal"]
[Black "sjoerd893"]
[WhiteFideId "3409350"]
[WhiteElo "2869"]
[BlackElo "2569"]
[Result "1-0"]
[Round "4"]
[TimeControl "180+1"]
[Date "2023.11.14"]
[WhiteClock "0:00:59"]
[BlackClock "0:00:13"]
[Board "21"]

1. e4 c5 2. Nf3 Nc6 3. Bb5 g6 4. O-O Bg7 5. Nc3 Nd4 6. Bc4 e6 7. d3 Ne7 8. Nxd4 cxd4 9. Ne2 O-O 10. Bb3 d5 11. f3 dxe4 12. fxe4 Kh8 13. Qe1 f5 14. Bg5 Qc7 15. Qh4 Nc6 16. exf5 exf5 17. Nf4 Qd6 18. Rae1 Bd7 19. Rf3 Ne5 20. Rh3 h5 21. Nxh5 gxh5 22. Qxh5+ Bh6 23. Rxe5 Qxe5 24. Qxh6# 1-0


[Site "https://www.chess.com"]

[Event "Titled Tuesday Blitz November 14 Late 2023"]
[White "Rustemov, Alexander"]
[Black "Weimarraner"]
[WhiteFideId "4119002"]
[WhiteElo "2860"]
[BlackElo "2534"]
[Result "1-0"]
[Round "4"]
[TimeControl "180+1"]
[Date "2023.11.14"]
[WhiteClock "0:00:24"]
[BlackClock "0:00:00"]
[Board "22"]

1. d4 Nf6 2. c4 e6 3. Nf3 h6 4. Nc3 d5 5. cxd5 exd5 6. Bf4 c6 7. e3 Bd6 8. Be5 O-O 9. h3 Re8 10. Bd3 Bxe5 11. Nxe5 Nbd7 12. Nf3 Nf8 13. O-O Qd6 14. Qc2 Be6 15. Rab1 a5 16. a3 Rad8 17. b4 axb4 18. Rxb4 Bc8 19. Rfb1 Ne6 20. Na4 Nd7 21. Nb6 Nxb6 22. Rxb6 Qxa3 23. Bh7+ Kh8 24. Ne5 Qe7 25. Bf5 Kg8 26. Bh7+ Kf8 27. Bg6 Ng5 28. Bxf7 Nxh3+ 29. gxh3 Qg5+ 30. Kh2 Rxe5 31. dxe5 Kxf7 32. f4 Qh5 33. Qg2 d4 34. Rxb7+ Bxb7 35. Rxb7+ Ke8 36. Qxc6+ Kf8 37. Qc5+ Kg8 38. Qc4+ Kh8 39. exd4 Qf3 40. d5 Qf2+ 41. Kh1 Ra8 42. Rb1 Ra2 43. Qc8+ Kh7 44. Qf5+ 1-0


[Site "https://www.chess.com"]

[Event "Titled Tuesday Blitz November 14 Late 2023"]
[White "Pakleza, Zbigniew"]
[Black "Droin, Augustin"]
[WhiteFideId "1119290"]
[BlackFideId "45105987"]
[WhiteElo "2820"]
[BlackElo "2531"]
[Result "1-0"]
[Round "4"]
[TimeControl "180+1"]
[Date "2023.11.14"]
[WhiteClock "0:01:56"]
[BlackClock "0:00:49"]
[Board "23"]

1. d4 d5 2. Nf3 c5 3. c3 Nf6 4. Bf4 Qb6 5. Qb3 c4 6. Qc2 Nc6 7. Nbd2 Bg4 8. b3 cxb3 9. axb3 Rc8 10. e3 e6 11. h3 Bh5 12. Qb2 Bg6 13. b4 Nxb4 14. cxb4 Rc2 15. Qb3 Bxb4 16. Qa4+ Kf8 17. Bb5 a5 18. O-O Bxd2 19. Nxd2 Rxd2 20. Rfc1 Qd8 21. Bc7 Qa8 22. Bxa5 1-0


[Site "https://www.chess.com"]

[Event "Titled Tuesday Blitz November 14 Late 2023"]
[White "Maksimovic, Bojan"]
[Black "WindWhistler11"]
[WhiteFideId "14408120"]
[WhiteElo "2799"]
[BlackElo "2497"]
[Result "1-0"]
[Round "4"]
[TimeControl "180+1"]
[Date "2023.11.14"]
[WhiteClock "0:00:54"]
[BlackClock "0:00:00"]
[Board "24"]

1. Nf3 Nf6 2. g3 d6 3. Bg2 Nbd7 4. O-O e5 5. d3 Be7 6. Nbd2 O-O 7. e4 c6 8. Re1 Re8 9. c3 Qc7 10. Qc2 b6 11. a3 a5 12. b3 Ba6 13. Bb2 Nc5 14. Bf1 Ne6 15. b4 h6 16. c4 Bc8 17. d4 exd4 18. Nxd4 Nxd4 19. Bxd4 c5 20. bxc5 bxc5 21. Bc3 Bb7 22. f3 Nd7 23. Bd3 Bf6 24. Bxf6 Nxf6 25. Nf1 Nd7 26. Ne3 Ne5 27. Rf1 Bc6 28. Rab1 a4 29. Be2 Rab8 30. Qd2 Rb3 31. Rxb3 axb3 32. Rb1 Rb8 33. Nf5 Ba4 34. Rb2 Rb6 35. Qa5 Bd7 36. Ne7+ Kh7 37. Nd5 1-0


[Site "https://www.chess.com"]

[Event "Titled Tuesday Blitz November 14 Late 2023"]
[White "ExchangeAB"]
[Black "MKlose11"]
[WhiteElo "2457"]
[BlackElo "2673"]
[Result "0-1"]
[Round "4"]
[TimeControl "180+1"]
[Date "2023.11.14"]
[WhiteClock "0:00:27"]
[BlackClock "0:01:07"]
[Board "25"]

1. Nf3 Nf6 2. e3 g6 3. b3 Bg7 4. Bb2 c5 5. Be2 Nc6 6. O-O d6 7. c4 O-O 8. Nc3 b6 9. Rc1 Bb7 10. d4 cxd4 11. Nxd4 Nxd4 12. exd4 d5 13. Bf3 Rb8 14. Re1 e6 15. Na4 Bc6 16. Nc3 Qd7 17. c5 bxc5 18. dxc5 a5 19. Ne2 Rfe8 20. Nd4 a4 21. Bc3 axb3 22. axb3 Qb7 23. Nxc6 Qxc6 24. b4 Rb7 25. Rb1 Reb8 26. Be5 Ra8 27. Qd4 Ne8 28. Bxg7 Nxg7 29. Be2 Nf5 30. Qf6 Ra4 31. g4 Ne7 32. b5 Qxc5 33. Rec1 Qd6 34. Rc8+ Nxc8 0-1


[Site "https://www.chess.com"]

[Event "Titled Tuesday Blitz November 14 Late 2023"]
[White "Sydoryka, Vladyslav"]
[Black "Marcziter, Dmitrii"]
[WhiteFideId "14145928"]
[BlackFideId "13900765"]
[WhiteElo "2670"]
[BlackElo "2440"]
[Result "1-0"]
[Round "4"]
[TimeControl "180+1"]
[Date "2023.11.14"]
[WhiteClock "0:01:36"]
[BlackClock "0:01:02"]
[Board "26"]

1. c4 e5 2. g3 Nc6 3. Bg2 g6 4. Nc3 Bg7 5. d3 d6 6. Nf3 f5 7. O-O Nf6 8. Rb1 a5 9. a3 O-O 10. b4 axb4 11. axb4 Nh5 12. b5 Ne7 13. Bb2 f4 14. Ra1 Bf5 15. e3 h6 16. Nh4 Rxa1 17. Bxa1 Bc8 18. Nxg6 Nxg6 19. Qxh5 Ne7 20. exf4 exf4 21. Nd5 Nxd5 22. Bxd5+ Kh8 23. Qxh6# 1-0


[Site "https://www.chess.com"]

[Event "Titled Tuesday Blitz November 14 Late 2023"]
[White "Adewumi, Tanitoluwa"]
[Black "Mazzilli, Piero"]
[WhiteFideId "30966396"]
[BlackFideId "807087"]
[WhiteElo "2633"]
[BlackElo "2356"]
[Result "1/2-1/2"]
[Round "4"]
[TimeControl "180+1"]
[Date "2023.11.14"]
[WhiteClock "0:00:03"]
[BlackClock "0:00:19"]
[Board "27"]

1. e4 c5 2. Nf3 d6 3. Bb5+ Nd7 4. c3 Nf6 5. Bd3 b6 6. O-O Bb7 7. Re1 Rc8 8. Bc2 Qc7 9. Na3 a6 10. d4 e5 11. dxe5 dxe5 12. Nc4 b5 13. Ne3 c4 14. Nd5 Nxd5 15. exd5 Bd6 16. Nd4 O-O 17. Nf5 g6 18. Nh6+ Kg7 19. Qg4 Kh8 20. Bg5 f6 21. Be3 Nc5 22. Rad1 f5 23. Qh3 e4 24. Bd4+ Be5 25. d6 Qxd6 26. Be3 Qe7 27. f3 Nd3 28. Bxd3 cxd3 29. fxe4 fxe4 30. Ng4 Bg7 31. Rf1 Rxf1+ 32. Rxf1 Rf8 33. Re1 Bc8 34. Qg3 Bxg4 35. Qxg4 Qf7 36. Qxe4 Qxa2 37. Qxd3 Qxb2 38. Bd4 Bxd4+ 39. Qxd4+ Kg8 40. Qd5+ Kh8 41. Qd4+ Kg8 42. h3 Qb3 43. Re7 Rf7 44. Re8+ Rf8 45. Re7 Rf7 46. Re8+ Rf8 47. Re7 1/2-1/2


[Site "https://www.chess.com"]

[Event "Titled Tuesday Blitz November 14 Late 2023"]
[White "Bortnyk, Olexandr"]
[Black "Garrido, Denis"]
[WhiteFideId "14120828"]
[BlackFideId "601217"]
[WhiteElo "3007"]
[BlackElo "2387"]
[Result "1-0"]
[Round "4"]
[TimeControl "180+1"]
[Date "2023.11.14"]
[WhiteClock "0:02:18"]
[BlackClock "0:01:53"]
[Board "28"]

1. e4 c6 2. c4 d5 3. cxd5 cxd5 4. exd5 Nf6 5. Qa4+ Nbd7 6. Nc3 g6 7. Nf3 Bg7 8. Bc4 O-O 9. d3 a6 10. Qa3 b5 11. Bxb5 Bb7 12. Bc6 Bxc6 13. dxc6 Nb6 14. O-O Qc7 15. Be3 e6 16. Qa5 Rfb8 17. Ne5 Nh5 18. Nd7 1-0


[Site "https://www.chess.com"]

[Event "Titled Tuesday Blitz November 14 Late 2023"]
[White "Sanchez Alvares, Kelvin Antonio"]
[Black "Alekseenko, Kirill"]
[WhiteFideId "3906680"]
[BlackFideId "4135539"]
[WhiteElo "2582"]
[BlackElo "2959"]
[Result "0-1"]
[Round "4"]
[TimeControl "180+1"]
[Date "2023.11.14"]
[WhiteClock "0:00:00"]
[BlackClock "0:00:18"]
[Board "29"]

1. e4 c5 2. Nf3 Nc6 3. d4 cxd4 4. Nxd4 Nf6 5. Nc3 d6 6. f3 e5 7. Nb3 Be7 8. Be3 O-O 9. Qd2 a5 10. Bb5 Be6 11. Rd1 Qb8 12. Nd5 Bxd5 13. exd5 Nb4 14. c4 Bd8 15. a3 Na6 16. Nxa5 Nc7 17. Nb3 Nfxd5 18. cxd5 Nxb5 19. O-O Nc7 20. Rc1 Ne8 21. Qd3 Nf6 22. Nd2 Ra5 23. Ne4 Nxd5 24. Bd2 Nf4 25. Bxf4 exf4 26. Qxd6 Qxd6 27. Nxd6 Bf6 28. Nc4 Rc5 29. b4 Rd5 30. Rfd1 Rfd8 31. Rxd5 Rxd5 32. Kf2 h5 33. Ke2 b5 34. Na5 Bb2 35. Rc8+ Kh7 36. Rc5 Rd6 37. Rxh5+ Kg6 38. Rxb5 Bxa3 39. Nc4 Re6+ 40. Re5 Bxb4 41. Rxe6+ fxe6 42. Kd3 Kf5 43. Nb6 Bc5 44. Nc4 Bg1 45. h3 Bc5 46. Ke2 Kg5 47. Ne5 Bd4 48. Nd3 e5 49. Nb4 Kf5 50. Nd3 Ke6 51. Nb4 Bc5 52. Nd3 Be3 53. Nb4 Kd6 54. Kd3 Kc5 55. Nc2 Bf2 56. Ke4 Kc4 57. Na3+ Kb4 58. Nb1 Be3 59. Kxe5 Kb3 0-1


[Site "https://www.chess.com"]

[Event "Titled Tuesday Blitz November 14 Late 2023"]
[White "Gholami Orimi, Mahdi"]
[Black "Manukyan, Sargis A."]
[WhiteFideId "12558486"]
[BlackFideId "13303970"]
[WhiteElo "2945"]
[BlackElo "2581"]
[Result "1-0"]
[Round "4"]
[TimeControl "180+1"]
[Date "2023.11.14"]
[WhiteClock "0:01:12"]
[BlackClock "0:00:07"]
[Board "30"]

1. d4 d5 2. c4 e6 3. Nc3 Nf6 4. cxd5 Nxd5 5. e4 Nxc3 6. bxc3 c5 7. Nf3 cxd4 8. cxd4 Bb4+ 9. Bd2 Bxd2+ 10. Qxd2 O-O 11. Bc4 Nd7 12. O-O b6 13. Rad1 Bb7 14. Rfe1 Rc8 15. Bd3 h6 16. Qf4 Qc7 17. Qg4 Nf6 18. Qh4 Qd8 19. Qh3 Nh7 20. Qg3 Ng5 21. Ne5 Qxd4 22. h4 Nxe4 23. Bxe4 Qxe4 24. Rxe4 Bxe4 25. Nd7 Bc2 26. Rd2 Rfd8 27. Nf6+ Kh8 28. Rxd8+ Rxd8 29. Qc7 Rd1+ 30. Kh2 gxf6 31. Qxc2 Rd5 32. Qc7 Kg7 33. Qxa7 b5 34. Qe3 h5 35. Qg3+ Kf8 36. f3 Ke7 37. Qb8 Re5 38. g4 Rd5 39. Kg3 hxg4 40. fxg4 Rd3+ 41. Kf2 Rd2+ 42. Ke3 Rxa2 43. h5 Ra3+ 44. Kf2 Ra2+ 45. Kg3 Ra3+ 46. Kh4 Ra1 47. Qxb5 Kf8 48. Qb2 Rf1 49. Kg3 Kg7 50. Kh2 e5 51. Qe2 Rf4 52. Kg3 Kh6 53. Qd1 Kg7 54. Qd7 Rd4 55. Qe8 Rd3+ 56. Kh4 Rd1 57. Qa8 Rd2 58. h6+ Kxh6 59. Qh8+ Kg6 60. Qg8+ Kh6 61. Qxf7 Rf2 62. Kg3 Rf4 63. Kh4 Rf1 64. Qg8 Rh1+ 65. Kg3 Rf1 66. Kg2 Rf4 67. Kh2 Rf2+ 68. Kg3 Rf1 69. Qf7 Rg1+ 70. Kf3 Rf1+ 71. Kg2 Rf4 72. Qg8 Rb4 73. Qf8+ Kg5 74. Qxb4 Kg6 75. Qe4+ Kf7 76. Qf5 Kg7 77. Kg3 e4 78. Qxe4 Kh6 79. Qf5 Kg7 80. Kh4 Kh6 81. Qxf6+ Kh7 82. Qg5 Kh8 83. Kg3 Kh7 84. Kf4 Kh8 85. Kf5 Kh7 86. Kf6 Kh8 87. Qg7# 1-0


[Site "https://www.chess.com"]

[Event "Titled Tuesday Blitz November 14 Late 2023"]
[White "Mitrabha, Guha"]
[Black "Potapova, Margarita"]
[WhiteFideId "5057000"]
[BlackFideId "14126869"]
[WhiteElo "2935"]
[BlackElo "2576"]
[Result "1-0"]
[Round "4"]
[TimeControl "180+1"]
[Date "2023.11.14"]
[WhiteClock "0:00:55"]
[BlackClock "0:00:03"]
[Board "31"]

1. a3 b6 2. b4 Bb7 3. Bb2 Nf6 4. Nf3 g6 5. d3 Bg7 6. Nbd2 O-O 7. g3 a5 8. Bg2 d6 9. c4 Nbd7 10. O-O e5 11. Qb3 Qe7 12. Rfc1 Rfe8 13. e4 Nf8 14. Nf1 Ne6 15. Ne3 Qd7 16. Nd5 h6 17. h4 Ng4 18. Bh3 h5 19. Kg2 Bh6 20. Bxg4 Bxd5 21. Bh3 Bb7 22. Rc2 axb4 23. axb4 Rxa1 24. Bxa1 Ra8 25. Ra2 Qe8 26. Bc3 Bc6 27. Ra3 Rxa3 28. Qxa3 Qa8 29. Qxa8+ Bxa8 30. Kf1 Kf8 31. Ne1 Ke7 32. Nc2 Ng7 33. Ne3 Bxe3 34. fxe3 Bc6 35. Ke2 Bd7 36. Bg2 Bg4+ 37. Kd2 Kd7 38. d4 f6 39. Bf1 Bf3 40. Bd3 Ne6 41. Bc2 c5 42. bxc5 bxc5 43. d5 Ng7 44. Ke1 Ke7 45. Kf2 Bg4 46. Ba5 g5 47. Bc7 Ne8 48. Bb6 Ng7 49. Ke1 Ne8 50. Kd2 Ng7 51. Kc3 Ne8 52. Kb3 Ng7 53. Ka4 Bf3 54. Kb5 gxh4 55. gxh4 f5 56. Kc6 fxe4 57. Bc7 Nf5 58. Ba4 Be2 59. Bb5 Bd1 60. Bb8 Be2 61. Ba6 Bf1 62. Bc8 Nxe3 63. Bxd6+ Kd8 64. Be6 Nxc4 65. Bc7+ Ke7 66. Bg8 e3 67. d6+ Nxd6 68. Bxd6+ Kf6 69. Bxc5 e2 70. Bf2 Kf5 71. Be1 Kf4 72. Kc5 e4 73. Kd4 Kf3 74. Bf7 Kg2 75. Bxh5 Kh3 76. Bg6 Bg2 77. Bxe4 Bf1 78. h5 Bg2 79. h6 1-0


[Site "https://www.chess.com"]